Map: New Repugnancy LE

Players

Reynor

  • Race: Zerg Zerg
  • Spawn Location: 1:00

Serral - Winner!

  • Race: Zerg Zerg
  • Spawn Location: 7:00

Event: 2019 WCS Summer

VOD

Have the link to the VOD?

Description

Time

  • Played on: July 14, 2019, 3:06 p.m.
  • Length: 9:46

All games in this series

Show
View Real Time Build Order
Export as new Build Order

Reynor Zerg 

Build Orders: Hatch First 

Get SALT Encoding   

  12  0:00  Drone  
  13  0:12  Overlord  
  13  0:16  Drone  
  14  0:30  Drone x2  
  16  0:48  Hatchery  
  15  0:52  Drone  
  15  0:55  Drone  
  17  0:59  Drone  
  18  1:09  Extractor  
  17  1:14  Spawning Pool  
  17  1:17  Drone  
  17  1:20  Drone  
  18  1:28  Drone  
  19  1:38  Drone  
  20  1:49  Overlord  
  20  2:01  Drone x2, Queen x2  
  26  2:10  Metabolic Boost, Drone  
  26  2:13  Drone  
  28  2:21  Drone x2  
  30  2:34  Hatchery  
  30  2:37  Zergling x2  
  30  2:39  Drone  
  31  2:44  Baneling Nest  
  31  2:46  Drone  
  31  2:48  Drone  
  32  2:53  Overlord  
  32  2:55  Drone  
  33  3:04  Drone x2  
  35  3:10  Drone  
  35  3:12  Zergling x4  
  38  3:13  Zergling x2  
  38  3:14  Drone x2  
  38  3:18  Zergling x2  
  42  3:20  Overlord  
  42  3:26  Queen  
  44  3:27  Baneling x2  
  44  3:35  Drone, Evolution Chamber  
  44  3:37  Baneling x2  
  44  3:40  Zergling x2  
  44  3:41  Zergling x4  
  47  3:43  Overlord  
  47  4:00  Drone  
  47  4:01  Drone x7  
  54  4:03  Zerg Missile Weapons Level 1  
  54  4:07  Overlord  
  52  4:17  Baneling  
  52  4:18  Drone x6  
  58  4:26  Overlord  
  58  4:27  Drone  
  58  4:29  Drone  
  58  4:31  Extractor  
  59  4:32  Extractor  
  59  4:33  Roach Warren  
  59  4:35  Drone x3  
  59  4:36  Drone  
  59  4:37  Drone  
  61  4:40  Baneling  
  61  4:42  Drone  
  62  4:47  Zergling x2  
  62  4:50  Overlord  
  62  4:51  Overlord  
  63  4:57  Extractor  
  62  5:05  Drone x2  
  62  5:06  Drone x3  
  67  5:07  Drone x3  
  67  5:08  Lair  
  67  5:10  Drone x2  
  67  5:12  Extractor  
  67  5:13  Drone x2, Extractor  
  67  5:14  Drone x2  
  73  5:19  Pneumatized Carapace  
  73  5:21  Drone, Overlord  
  74  5:26  Drone x4  
  78  5:32  Zergling x4  
  78  5:34  Baneling  
  78  5:35  Zergling x2  
  81  5:37  Hatchery  
  81  5:40  Spine Crawler  
  81  5:42  Roach x3  
  88  5:43  Roach x2  
  88  5:45  Roach x3  
  96  5:55  Hatchery  
  95  5:58  Roach x3  
  101  6:05  Zerg Missile Weapons Level 2  
  101  6:09  Overlord  
  101  6:10  Roach x2  
  104  6:12  Overlord  
  104  6:16  Evolution Chamber  
  104  6:17  Overlord  
  104  6:24  Overlord  
  102  6:27  Roach x4  
  102  6:29  Roach  
  102  6:31  Overlord x2  
  112  6:37  Roach x7  
  126  6:40  Burrow  
  126  6:44  Tunneling Claws  
  126  6:45  Roach  
  128  6:52  Roach x5  
  136  6:59  Drone x2  
  136  7:00  Roach  
  140  7:05  Zerg Ground Armor Level 1  
  139  7:10  Drone x3  
  139  7:11  Roach  
  139  7:12  Roach x3  
  148  7:18  Drone  
  148  7:21  Roach  
  148  7:22  Roach  
  152  7:27  Overlord  
  152  7:29  Overlord  
  149  7:37  Overlord  
  149  7:38  Drone x2  
  149  7:39  Drone  
  149  7:43  Overlord  
  151  7:46  Drone x8, Roach x11  
  151  7:50  Roach x2  
  151  7:51  Roach  
  165  7:56  Roach  
  166  7:59  Queen, Roach  
  166  8:03  Ravager x2, Roach x2, Spore Crawler  
  172  8:06  Roach x3  
  172  8:07  Ravager x3  
  172  8:08  Roach x2  
  172  8:09  Roach x2  
  183  8:13  Overlord  
  183  8:16  Extractor, Spore Crawler  
  181  8:22  Overseer  
  181  8:23  Overseer  
  181  8:26  Roach x5  
  173  8:34  Roach  
  173  8:35  Roach x9  
  187  8:41  Roach x2  
  187  8:46  Overlord  
  187  8:48  Overlord  
  187  8:51  Overlord  
  187  8:53  Ravager  
  184  8:56  Overlord  
  184  8:57  Roach  
  184  8:58  Roach x3  
  188  9:04  Roach  
  188  9:05  Overlord x3  
  188  9:06  Roach x3  
  194  9:12  Roach x3  
  184  9:24  Roach Warren  
Show
View Real Time Build Order
Export as new Build Order

Serral Zerg - Winner!

Build Orders: Hatch First 

Get SALT Encoding   

  12  0:00  Drone  
  13  0:12  Overlord  
  13  0:17  Drone  
  14  0:30  Drone  
  14  0:31  Drone  
  16  0:48  Hatchery  
  15  0:51  Drone  
  15  0:55  Drone  
  17  0:58  Drone  
  18  1:09  Extractor  
  17  1:15  Spawning Pool  
  17  1:17  Drone  
  17  1:20  Drone  
  18  1:28  Drone  
  19  1:39  Drone  
  20  1:49  Drone  
  21  2:01  Queen x2  
  21  2:02  Overlord  
  21  2:03  Zergling x2  
  21  2:08  Metabolic Boost  
  26  2:11  Drone x2  
  29  2:22  Drone  
  29  2:23  Drone  
  30  2:35  Hatchery  
  29  2:37  Drone  
  29  2:39  Drone  
  31  2:48  Baneling Nest  
  31  2:49  Drone  
  31  2:50  Drone  
  32  2:55  Overlord  
  32  2:57  Drone  
  33  3:08  Drone  
  33  3:09  Zergling x4  
  36  3:14  Zergling x8  
  36  3:16  Overlord  
  40  3:20  Zergling x2  
  40  3:22  Drone  
  40  3:25  Queen  
  44  3:32  Baneling x2  
  44  3:39  Drone x3  
  44  3:40  Evolution Chamber  
  46  3:42  Zergling x2  
  46  3:45  Drone x3  
  50  3:51  Overlord  
  50  3:52  Drone  
  51  3:56  Drone x2  
  51  3:58  Drone  
  51  4:00  Baneling  
  51  4:02  Drone x2  
  55  4:07  Zerg Missile Weapons Level 1  
  55  4:08  Zergling x2  
  56  4:11  Drone  
  56  4:12  Drone  
  56  4:16  Zergling x2, Drone x2  
  60  4:21  Drone x2  
  60  4:22  Drone, Extractor x2  
  61  4:25  Drone x2  
  61  4:29  Drone  
  61  4:30  Drone  
  65  4:32  Drone  
  65  4:35  Lair  
  65  4:40  Roach Warren  
  65  4:43  Drone x2  
  65  4:45  Overlord  
  66  4:47  Overlord  
  66  4:55  Pneumatized Carapace  
  66  4:56  Extractor x2  
  66  4:57  Drone x3, Extractor  
  66  5:03  Drone x2  
  66  5:04  Drone  
  66  5:05  Drone x2  
  66  5:06  Drone  
  72  5:08  Drone  
  72  5:10  Drone x4  
  77  5:14  Overlord  
  77  5:17  Drone x3  
  77  5:18  Drone  
  77  5:19  Drone  
  82  5:27  Drone  
  82  5:28  Overlord x3  
  82  5:33  Overseer  
  82  5:34  Glial Reconstitution  
  82  5:35  Overlord  
  82  5:40  Roach x2  
  86  5:50  Evolution Chamber  
  86  5:53  Roach x2  
  86  5:55  Hatchery  
  86  5:56  Roach  
  86  5:57  Roach x2  
  94  6:08  Roach  
  94  6:09  Roach x6  
  108  6:15  Zerg Missile Weapons Level 2  
  108  6:16  Zerg Ground Armor Level 1  
  108  6:17  Overlord  
  108  6:18  Overseer  
  107  6:30  Roach x6  
  118  6:41  Overlord  
  118  6:42  Drone x3  
  118  6:45  Roach x4  
  128  6:56  Tunneling Claws, Burrow  
  128  6:57  Overlord x3  
  128  7:00  Roach x2  
  131  7:08  Roach x6  
  143  7:14  Overlord x2  
  143  7:15  Queen  
  144  7:20  Roach x4  
  144  7:22  Ravager x4  
  154  7:28  Roach x4  
  162  7:36  Roach x5  
  172  7:41  Ravager x2  
  174  7:44  Roach  
  174  7:45  Roach x4  
  174  7:51  Overlord x2  
  184  7:58  Overlord  
  184  7:59  Overlord  
  184  8:03  Infestation Pit  
  183  8:12  Overseer  
  183  8:18  Drone x7  
  181  8:22  Roach x9  
  198  8:33  Roach x3  
  195  8:36  Drone x4  
  195  8:38  Roach  
  199  8:45  Extractor  
  199  8:46  Roach x10  
  198  8:50  Overlord  
  198  8:53  Overlord  
  198  8:55  Overlord  
  198  9:02  Roach x2  
  200  9:03  Roach  
  200  9:09  Roach x6  
  200  9:13  Roach  
  194  9:22  Roach x2  
Tags
 
Add a new tag
Caveats
  • Supply blocks, unpowered buildings, or Contaminate may cause inaccurate times.
  • Supply counts are checked every 10 seconds.